 Dungeon Crawl Stone Soup version 0.31-a0-986-g5e6e4ef867 (webtiles) character file.

Game seed: 13620728480387663069

71433 Pooter the Severer (level 14, 0/127 HPs)
             Began as a Minotaur Fighter on Nov 17, 2023.
             Was a High Priest of Okawaru.
             Killed from afar by a fire dragon (9 damage)
             ... with a blast of flame
             ... in the Arena on Nov 18, 2023.
             The game lasted 01:47:05 (25548 turns).

Pooter the Severer (Minotaur Fighter)              Turns: 25548, Time: 01:47:06

Health: 0/127      AC: 30    Str: 23    XL:     14   Next: 97%
Magic:  12/20      EV: 15    Int:  8    God:    Okawaru [*****.]
Gold:   1262       SH: 20    Dex: 13    Spells: 13/13 levels left

rFire   . . .        a - +6 broad axe of Mastery {speed, rC- Int+3 SInv}
rCold   x . .        e - +0 tower shield
rNeg    . . .        B - +5 chain mail {rPois}
rPois   +            E - +2 hat
rElec   .            m - +2 cloak
rCorr   .            o - +0 pair of gloves
SInv    +            V - +2 pair of boots {Fly}
Will    +....        y - amulet of the acrobat Stlth
                     h - +5 ring of evasion
HPRegen 0.41/turn    v - +4 ring of protection
MPRegen 0.17/turn

%: acrobat
@: heroic, flying, duelling
A: horns 2, retaliatory headbutt
a: Renounce Religion, Heroism, Finesse, Duel


You were in the Arena.
You worshipped Okawaru.
Okawaru was extremely pleased with you.
You visited 3 branches of the dungeon, and saw 17 of its levels.
You also visited: Bailey and Volcano.

You collected 1556 gold pieces.
You spent 294 gold pieces at shops.

Inventory:

Hand Weapons
 a - the +6 broad axe of Mastery (weapon) {speed, rC- Int+3 SInv}
   (You bought it in a shop on level 2 of the Dungeon)

   Int+3:     It affects your intelligence (+3).
   rC-:       It makes you vulnerable to cold.
   SInv:      It lets you see invisible.
 b - the +9 sling of Liejaxovac {heavy, +Blink Str-4 Int+7 Dex-2 SInv}
   (You bought it in a shop on level 2 of the Dungeon)

   Str-4:     It affects your strength (-4).
   Int+7:     It affects your intelligence (+7).
   Dex-2:     It affects your dexterity (-2).
   SInv:      It lets you see invisible.
   +Blink:    It lets you blink.
 w - a +4 heavy broad axe
   (You took it off Urug on level 2 of the Orcish Mines)
 L - a +2 broad axe of flaming
   (You took it off a red draconian in a volcano)
Missiles
 g - 4 curare-tipped darts
 k - 36 poisoned darts
 u - 14 javelins
 A - 25 boomerangs (quivered)
 F - 3 silver javelins
 Q - 49 stones
 S - 5 datura-tipped darts
 W - 5 throwing nets {!f}
 X - an atropa-tipped dart
Armour
 e - a +0 tower shield (worn)
   (You found it on level 1 of the Dungeon)
 m - a +2 cloak (worn)
   (You found it on level 2 of the Dungeon)
 o - a +0 pair of gloves (worn)
   (You found it on level 2 of the Dungeon)
 B - a +5 chain mail of poison resistance (worn)
   (You took it off an orc warlord on level 1 of the Orcish Mines)
 E - a +2 hat (worn)
   (You found it on level 5 of the Dungeon)
 R - a +0 hat of intelligence
   (You took it off Gastronok on level 3 of the Lair of Beasts)
 T - a +0 pair of boots of stealth
   (You found it in a bailey)
 U - a +2 plate armour of positive energy
   (You took it off an orc knight on level 2 of the Orcish Mines)
 V - a +2 pair of boots of flying (worn)
   (You found it in a bailey)
 Z - a +2 scale mail of fire resistance
   (You took it off an orc on level 1 of the Orcish Mines)
Jewellery
 h - a +5 ring of evasion (left hand)
   (You found it on level 1 of the Dungeon)
 v - a +4 ring of protection (right hand)
   (You found it on level 3 of the Dungeon)
 y - an amulet of the acrobat (around neck)
   (You found it on level 4 of the Dungeon)
 I - a ring of fire
   (You found it in a bailey)
 M - an amulet of magic regeneration
   (You found it on level 2 of the Lair of Beasts)
Wands
 d - a wand of iceblast (20)
   (You took it off a wight on level 6 of the Dungeon)
 f - a wand of flame (7)
   (You took it off an orc wizard on level 10 of the Dungeon)
 x - a wand of acid (3)
   (You found it on level 5 of the Lair of Beasts)
 D - a wand of digging (3)
   (You found it on level 3 of the Dungeon)
 P - a wand of polymorph (6)
   (You found it on level 7 of the Dungeon)
Scrolls
 c - 3 scrolls of immolation {!r}
 l - a scroll of fear
 n - 4 scrolls of poison {!r}
 p - 3 scrolls of fog
 t - 6 scrolls of teleportation {@r4}
Potions
 i - 7 potions of haste {@q3}
 j - 2 potions of invisibility
 q - 3 potions of lignification {!q}
 r - 3 potions of heal wounds {@q2}
 s - 4 potions of enlightenment
 z - 4 potions of curing {@q1}
 C - 3 potions of mutation {!q}
 G - 6 potions of might
 H - 2 potions of brilliance {unknown}
 J - 2 potions of magic {unknown}
 K - 2 potions of cancellation {unknown}
 O - a potion of resistance {unknown}
 Y - 2 potions of berserk rage {unknown}
Miscellaneous
 N - a phial of floods
   (You found it on level 10 of the Dungeon)


   Skills:
 + Level 12.9(17.9) Fighting
 * Level 16.9(21.9) Axes
 - Level 14.9(19.9) Ranged Weapons
 + Level 0.9(5.9) Throwing
 - Level 3.6(8.6) Armour
 + Level 1.0(6.0) Dodging
 + Level 12.8(17.8) Shields
 + Level 9.6 Invocations
 + Level 5.8 Evocations


You had 13 spell levels left.
You didn't know any spells.
Your spell library contained the following spells:

 Spells                   Type           Power      Damage    Failure   Level
 Kiss of Death            Conj/Necr      0%         2d5       99%         1
 Magic Dart               Conj           0%         1d3       99%         1
 Slow                     Hex            0%         N/A       99%         1
 Lesser Beckoning         Tloc           0%         N/A       99%         2
 Confusing Touch          Hex            0%         N/A       100%        3
 Gell's Gravitas          Tloc           0%         N/A       100%        3
 Mephitic Cloud           Conj/Pois/Air  0%         N/A       100%        3
 Sigil of Binding         Hex            0%         N/A       100%        3
 Teleport Other           Tloc           0%         N/A       100%        3
 Vampiric Draining        Necr           0%         2d6       100%        3
 Dimensional Bullseye     Hex/Tloc       0%         N/A       100%        4
 Dispel Undead            Necr           0%         3d6       100%        4
 Iskenderun's Mystic Bla  Conj/Tloc      0%         2d3       100%        4
 Vhi's Electric Charge    Tloc/Air       0%         N/A       100%        4
 Arcjolt                  Conj/Air       0%         1d10      100%        5
 Lee's Rapid Deconstruct  Erth           0%         3d4*      100%        5
 Plasma Beam              Fire/Air       0%         2x1d10    100%        6
 Call Imp                 Summ           Unusable   N/A       N/A         2
 Tukima's Dance           Hex            Unusable   N/A       N/A         3
 Animate Armour           Summ/Erth      Unusable   N/A       N/A         4
 Summon Lightning Spire   Summ/Air       Unusable   N/A       N/A         4

Dungeon Overview and Level Annotations

Branches:
Dungeon (10/15) Zot: 24383  Temple (0/1) D:5            Lair (5/5) D:10 Zot: 21733
 Shoals (0/4) Lair:2       Spider (0/4) Lair:3        Slime (0/5) Lair:4
    Orc (2/2) D:10 Zot: 6927     Elf (0/3) Orc:2        Bailey (visited)
Volcano (visited)

Altars:
Cheibriados
Dithmenos
Hepliaklqana
Nemelex Xobeh
Okawaru
Ru
Sif Muna
Uskayaw
Vehumet
Zin
Jiyva

Shops:
D:2 (   Orc:2 ([[[

Annotations:
D:6 1 runed translucent door, Crazy Yiuf


Innate Abilities, Weirdness & Mutations

You have a pair of horns on your head.
You reflexively headbutt those who attack you in melee.


Message History

Your hands tingle!
a - the +6 broad axe of Mastery (weapon)
{speed, rC- Int+3 SInv} The fire dragon breathes flames at you.
The blast of flame hits you!!
* * * LOW HITPOINT WARNING * * *
You hear a roar!
Unknown command.
Aiming: Duel (21% risk of failure)
Press: ? - help, Dir - move target, f/p - fire dragon
Aim: a fire dragon (lightly wounded)
You enter into single combat with the fire dragon!
The world spins around you as you enter the gateway.
You enter Okawaru's Arena!
The spectator shouts! x9
Found a gate leading back out of this place.
There is an empty arch of ancient stone here.
You gain the combat prowess of a mighty hero.
The fire dragon breathes flames at you.
The blast of flame hits you but does no damage.
You hit the fire dragon. Your headbutt misses the fire dragon.
The fire dragon breathes flames at you. The blast of flame hits you!!
* * * LOW HITPOINT WARNING * * *
Unknown command.
You hit the fire dragon. You block the fire dragon's attack.
The fire dragon closely misses you. You block the fire dragon's attack.
You slash the fire dragon! Your headbutt misses the fire dragon.
You hit the fire dragon but do no damage.
You headbutt the fire dragon! The fire dragon breathes flames at you.
The blast of flame misses you.
You slice the fire dragon!! You slash the fire dragon!
Your headbutt misses the fire dragon. The fire dragon bites you.
* * * LOW HITPOINT WARNING * * *
The fire dragon closely misses you. You block the fire dragon's attack.
You hit the fire dragon. You block the fire dragon's attack.
The fire dragon claws you but does no damage.
You block the fire dragon's attack.
You slice the fire dragon!!
You headbutt the fire dragon, but do no damage.
You barely miss the fire dragon. You block the fire dragon's attack.
The fire dragon claws you but does no damage.
You block the fire dragon's attack.
You closely miss the fire dragon. You closely miss the fire dragon.
The fire dragon breathes flames at you. The blast of flame hits you!
You die...
Okawaru crowns the fire dragon victorious!

#########
##..▓▓▓..##
##.p▓▓.▓▓p.##
##.p▓▓...▓▓p.##
#.p▓▓.....▓▓p.#
#.▓▓.......▓▓.#
#.▓.........▓▓#
#▓....@D...▓∩#
#p▓.........▓▓#
#.▓▓.......▓▓.#
#..▓▓.....▓▓p.#
##.p▓▓...▓▓p.##
##.p▓▓.▓▓p.##
##..▓▓▓..##
#########


You could see a fire dragon (catching breath).

Vanquished Creatures
  Saint Roka (Orc:2)
  3 acid blobs (Lair:4)
  Gastronok (Lair:3)
  An orc warlord (Orc:1)
  A red draconian (Volcano)
  Snorg (D:10)
  The ghost of Doj the Mimic, a journeyman TrSh of Gozag (Lair:2)
  Fannar (D:10)
  Harold (D:9)
  3 hydras
  2 ogre magi
  A death knight (D:10)
  3 boulder beetles
  7 two-headed ogres
  6 death yaks (Lair:4)
  Urug (Orc:2)
  An orc high priest (Orc:1)
  A salamander mystic (Volcano)
  A pharaoh ant (Lair:3)
  3 skysharks
  A swamp dragon (Lair:5)
  A lindwurm (Lair:4)
  3 orc knights
  A necromancer (Lair:4)
  5 orc sorcerers
  4 salamanders (Volcano)
  A manticore (D:10)
  A salamander (shapeshifter) (D:10)
  5 elephants (Lair:2)
  4 black mambas
  A merfolk siren (Lair:2)
  A gargoyle (Bailey)
  8 cane toads
  2 molten gargoyles (Volcano)
  4 rime drakes
  11 komodo dragons
  An unseen horror (D:10)
  5 trolls
  A freezing wraith (D:10)
  3 polar bears
  A hornet (D:10)
  9 blink frogs
  2 tarantellas (Lair:3)
  A slime creature (D:10)
  4 wyverns (Lair:5)
  2 shadows (D:10)
  A vampire (Bailey)
  5 fire bats (Volcano)
  32 yaks
  2 basilisks
  6 steam dragons
  2 vampire mosquitoes (D:10)
  Menkaure (D:5)
  3 wargs
  2 hell hounds (Lair:4)
  15 water moccasins
  A sky beast (D:7)
  A black bear (Lair:1)
  8 ogres
  A swamp drake (Lair:5)
  37 orc warriors
  3 ice beasts
  5 centaurs
  21 wolves
  A kobold brigand (D:4)
  3 phantoms
  9 bullfrogs
  A gnoll sergeant (D:10)
  6 scorpions
  9 wights
  10 killer bees
  3 electric eels
  7 vampire bats (Bailey)
  3 howler monkeys
  6 lava snakes (Volcano)
  8 wolf zombies (Bailey)
  7 hounds
  A gnoll bouda (D:9)
  4 jellies
  25 orc priests
  7 iguanas
  A sleepcap (D:5)
  32 orc wizards
  3 polar bear simulacra (Lair:4)
  A yak simulacrum (Lair:4)
  6 wolf simulacra (Lair:4)
  3 centaur simulacra
  11 gnolls
  7 adders
  A river rat (Lair:4)
  2 shadow imps
  6 white imps
  3 ufetubi
  A worm (Orc:2)
  A dart slug (D:5)
  94 orcs
  2 endoplasms
  4 giant cockroaches
  8 goblins
  9 hobgoblins
  2 jackals (D:3)
  25 kobolds
  4 quokkas
  12 ball pythons
  7 bats
  2 frilled lizards
  18 orc zombies (Bailey)
  7 rats
  A river rat simulacrum (Lair:4)
  A butterfly (Lair:3)
652 creatures vanquished.

Vanquished Creatures (others)
  A fire bat (Volcano)
  A wight (D:6)
  An orc (D:10)
3 creatures vanquished.

Grand Total: 655 creatures vanquished

Notes
Turn   | Place    | Note
-------+----------+-------------------------------------------
     0 | D:1      | Pooter the Minotaur Fighter began the quest for the Orb.
     0 | D:1      | Reached XP level 1. HP: 19/19 MP: 0/0
   179 | D:1      | Reached skill level 3 in Axes
   179 | D:1      | Reached XP level 2. HP: 23/27 MP: 1/1
   716 | D:1      | Reached XP level 3. HP: 20/33 MP: 2/2
   986 | D:2      | Reached skill level 4 in Axes
  1046 | D:2      | Found Raggac's Antique Weapon Shop.
  1170 | D:2      | Reached XP level 4. HP: 41/41 MP: 3/3
  1520 | D:3      | Found a sparkling altar of Nemelex Xobeh.
  1681 | D:3      | Found a hazy altar of Hepliaklqana.
  1984 | D:3      | Found an iron altar of Okawaru.
  1992 | D:3      | Became a worshipper of Warmaster Okawaru
  2193 | D:4      | Noticed a phantom
  2202 | D:4      | Killed a phantom
  2203 | D:4      | Reached skill level 1 in Ranged Weapons
  2203 | D:4      | Reached XP level 5. HP: 43/47 MP: 4/4
  2247 | D:4      | Reached * piety under Okawaru
  2248 | D:4      | Reached skill level 5 in Axes
  2324 | D:4      | Reached XP level 6. HP: 55/55 MP: 5/5
  2335 | D:4      | Reached skill level 5 in Fighting
  2459 | D:2      | Bought a sapphire broad axe for 171 gold pieces
  2459 | D:2      | Identified the +6 broad axe of Mastery {speed, rC- Int+3
                  | SInv} (You bought it in a shop on level 2 of the Dungeon)
  2544 | D:4      | Found a hide-covered altar of Uskayaw.
  2611 | D:4      | Identified the +2 robe of Autumn {Drain rN+ Str+7}
  2697 | D:4      | Found a glowing silver altar of Zin.
  2698 | D:4      | Found a sacrificial altar of Ru.
  2795 | D:4      | Reached skill level 5 in Shields
  3381 | D:4      | Reached skill level 6 in Axes
  3626 | D:5      | Entered Level 5 of the Dungeon
  3662 | D:5      | Noticed Menkaure
  3670 | D:5      | Killed Menkaure
  3671 | D:5      | Reached skill level 1 in Invocations
  3671 | D:5      | Reached XP level 7. HP: 45/61 MP: 6/6
  3992 | D:5      | Reached ** piety under Okawaru
  4155 | D:5      | Reached skill level 7 in Axes
  4258 | D:5      | Reached XP level 8. HP: 70/70 MP: 8/8
  4481 | D:5      | Found a staircase to the Ecumenical Temple.
  4810 | D:6      | Reached skill level 5 in Ranged Weapons
  4880 | D:6      | Found a shadowy altar of Dithmenos.
  4885 | D:6      | Found a snail-covered altar of Cheibriados.
  5097 | D:6      | Reached skill level 8 in Axes
  5163 | D:6      | Found a runed translucent door.
  5164 | D:6      | Noticed Crazy Yiuf
  5284 | D:6      | Reached *** piety under Okawaru
  5348 | D:6      | Reached XP level 9. HP: 78/78 MP: 10/10
  5484 | D:7      | Found a radiant altar of Vehumet.
  5644 | D:2      | Bought a smouldering sling for 123 gold pieces
  5644 | D:2      | Identified the +9 sling of Liejaxovac {heavy, +Blink Str-4
                  | Int+7 Dex-2 SInv} (You bought it in a shop on level 2 of
                  | the Dungeon)
  5909 | D:7      | Reached skill level 9 in Axes
  6401 | D:8      | Reached **** piety under Okawaru
  6414 | D:8      | Noticed a two-headed ogre
  6427 | D:8      | Killed a two-headed ogre
  6828 | D:8      | Reached XP level 10. HP: 88/88 MP: 12/12
  6835 | D:8      | Reached skill level 10 in Axes
  7005 | D:8      | Found a shimmering blue altar of Sif Muna.
  7038 | D:9      | Noticed Harold
  7060 | D:9      | Killed Harold
  7076 | D:8      | Reached ***** piety under Okawaru
  7252 | D:9      | Found a flagged portal.
  7268 | Bailey   | Entered a bailey
  7345 | Bailey   | Reached skill level 5 in Invocations
  7533 | Bailey   | Identified the +1 ring mail of Knowledge {Dex+3}
  7580 | Bailey   | Noticed a gargoyle
  7586 | Bailey   | Killed a gargoyle
  7587 | Bailey   | Reached skill level 11 in Axes
  7964 | D:9      | Received a gift from Okawaru
  7992 | D:9      | Reached XP level 11. HP: 73/95 MP: 8/14
  8349 | D:9      | Noticed a two-headed ogre
  8352 | D:9      | Killed a two-headed ogre
  8799 | D:9      | Reached skill level 10 in Ranged Weapons
  8888 | D:10     | Entered Level 10 of the Dungeon
  9230 | D:10     | Found a staircase to the Orcish Mines.
  9273 | D:10     | Reached skill level 12 in Axes
  9308 | D:10     | Found a staircase to the Lair.
  9308 | D:10     | Noticed Erolcha
  9331 | D:10     | Erolcha changed into Erolcha the ice beast
  9331 | D:10     | Noticed Erolcha
  9335 | D:10     | Killed Erolcha the ice beast
  9395 | D:10     | Noticed an ogre mage
  9395 | D:10     | Paralysed by an ogre mage for 5 turns
  9400 | Arena    | Entered the Arena
  9405 | Arena    | Killed an ogre mage
  9505 | D:10     | Noticed a boulder beetle
  9546 | D:9      | Killed a boulder beetle
  9546 | D:9      | Received a gift from Okawaru
  9622 | D:10     | Noticed a death knight
  9638 | D:10     | Killed a death knight
  9638 | D:10     | HP: 4/99 [mirror damage (13)]
  9964 | D:10     | Reached skill level 10 in Fighting
  9981 | D:10     | Noticed Snorg
  9991 | D:10     | Killed Snorg
 10022 | D:10     | Reached skill level 10 in Shields
 10022 | D:10     | Reached XP level 12. HP: 106/106 MP: 16/16
 10028 | D:10     | Reached skill level 13 in Axes
 10043 | D:10     | Noticed a boulder beetle
 10163 | D:10     | Noticed a two-headed ogre
 10167 | D:10     | Killed a two-headed ogre
 10313 | D:10     | Killed a boulder beetle
 10713 | D:10     | Noticed Fannar
 10736 | D:10     | Killed Fannar
 11042 | D:10     | Reached skill level 1 in Evocations
 11135 | Orc:1    | Entered Level 1 of the Orcish Mines
 11270 | Orc:1    | Noticed a two-headed ogre
 11274 | Orc:1    | Noticed a two-headed ogre
 11276 | Orc:1    | Noticed an ogre mage
 11276 | Orc:1    | Noticed a two-headed ogre
 11277 | Orc:1    | Noticed a two-headed ogre
 11279 | Orc:1    | Killed a two-headed ogre
 11294 | D:10     | Killed a two-headed ogre
 11362 | D:10     | Killed a two-headed ogre
 11416 | D:10     | Killed a two-headed ogre
 11416 | D:10     | Received a gift from Okawaru
 11610 | Orc:1    | Killed an ogre mage
 12259 | Orc:2    | Entered Level 2 of the Orcish Mines
 12273 | Orc:2    | Reached skill level 14 in Axes
 13293 | Orc:2    | Found Upyej's Antique Armour Boutique.
 13510 | Orc:2    | Paralysed by an orc sorcerer for 4 turns
 13515 | Orc:2    | Noticed an orc warlord
 13734 | Orc:1    | Killed an orc warlord
 13735 | Orc:1    | Reached XP level 13. HP: 40/116 MP: 15/17
 14661 | Orc:2    | Noticed Saint Roka
 15395 | Orc:2    | Killed Saint Roka
 16100 | Orc:2    | Found Texuj's Antique Weapon Shop.
 16102 | Orc:2    | Found Ged Wae's Antique Armour Boutique.
 16147 | Orc:2    | Noticed Urug
 16165 | Orc:2    | Killed Urug
 16253 | Orc:2    | Found a staircase to the Elven Halls.
 16425 | Orc:2    | Found Keyhi Suveask's Armour Shoppe.
 16644 | Lair:1   | Entered Level 1 of the Lair of Beasts
 16739 | Lair:1   | Reached skill level 15 in Axes
 17182 | Lair:1   | Identified the +4 quarterstaff "Jeaps" {holy, rElec MP+9
                  | Str+7 Dex-3}
 17453 | Lair:2   | Found a staircase to the Shoals.
 17482 | Lair:2   | Identified the +0 robe of Foolhardiness {Int+3}
 17526 | Lair:2   | Found a runed translucent door.
 17557 | Lair:2   | Noticed Doj's ghost (journeyman TrSh)
 17676 | Lair:2   | Killed Doj's ghost
 17930 | Lair:2   | Received a gift from Okawaru
 18178 | Lair:2   | Reached XP level 14. HP: 72/126 MP: 17/19
 18818 | Lair:3   | Noticed Gastronok
 18829 | Lair:3   | Killed Gastronok
 19070 | Lair:3   | Found a hole to the Spider Nest.
 19485 | Lair:4   | Reached skill level 16 in Axes
 19574 | Lair:4   | Found a dark tunnel.
 19595 | Volcano  | Entered a volcano
 19699 | Volcano  | Found a burning altar of Makhleb.
 19709 | Volcano  | Reached skill level 5 in Evocations
 19951 | Volcano  | Received a gift from Okawaru
 20337 | Lair:4   | Found a runed translucent door.
 20338 | Lair:4   | Found a viscous altar of Jiyva.
 20338 | Lair:4   | Noticed an acid blob
 20339 | Lair:4   | Noticed an acid blob
 20340 | Lair:4   | Found a staircase to the Slime Pits.
 20340 | Lair:4   | Noticed an acid blob
 20599 | Lair:4   | Killed an acid blob
 21736 | Lair:4   | Identified the +7 spear of the Vestibule of Hell {speed,
                  | rCorr Str+7}
 21756 | Lair:4   | Killed an acid blob
 21831 | Lair:4   | Killed an acid blob
 21831 | Lair:4   | Received a gift from Okawaru
 22424 | Lair:5   | Entered Level 5 of the Lair of Beasts
 25168 | Lair:5   | Reached skill level 1 in Dodging
 25536 | Arena    | Entered the Arena
 25548 | Arena    | Killed from afar by a fire dragon

Illustrated notes

Levels and vault maps discovered:
D:1:      heliophobic_arrival_henge, layout_loops_ring
D:2:      layout_rooms, serial_shops, nicolae_shop_pleasant_corner_grove
D:3:      layout_basic, nzn_hepliaklqana_mist_gate, okawaru_gym_becter,
          nemelex_xobeh_ov_fountains_minmay, grunt_ministairs_14
D:4:      kennysheep_kobold_camp, layout_layer_cave,
          amethyst_overflow_temple_binary, mainiacjoe_overflow_small_starburst,
          kennysheep_generic_room_9
D:5:      layout_basic, minmay_temple_entry_glass, minmay_increasing_density,
          uniq_menkaure
D:6:      layout_gridville, mainiacjoe_overflow_large_starburst,
          uniq_crazy_yiuf_cottage
D:7:      layout_basic, fiery_altar_vehumet, dreamdust_gnoll_farm
D:8:      layout_cave_pools, lemuel_tele_altar
D:9:      layout_loops_ring, enter_bailey_6, serial_ice, serial_ice_l,
          serial_ice_g, serial_ice_c, serial_ice_h, serial_ice_o, serial_ice_n,
          serial_ice_a, serial_ice_b, uniq_harold
D:10:     nzn_winding_woodlands_stair_cross
          [nzn_winding_woodlands_5x15_split_checker,
          nzn_winding_woodlands_center_lodge,
          nzn_winding_woodlands_5x15_longhouse, nzn_winding_woodlands_5x5_cross,
          nzn_winding_woodlands_5x5_default, nzn_winding_woodlands_5x15_jagged,
          nzn_winding_woodlands_center_triple_pond,
          nzn_winding_woodlands_5x15_sawtooth], layout_rooms,
          david_lair_shrubbed, david_orc_3, serial_bayou_pond_c, uniq_fannar,
          uniq_erolcha, uniq_snorg
Lair:1:   layout_roguey, infiniplex_staircase_pool_2
Lair:2:   layout_roguey, elwin_shoals_entry_rooms,
          ebering_ghost_reflecting_pool, lemuel_fruit_tree
Lair:3:   layout_misc_corridors, nicolae_spider_entry_lesser_pyramids,
          lemuel_fruit_fields, uniq_gastronok
Lair:4:   layout_gridlike, slime_entry_2, enter_volcano_3,
          eino_house_with_fridge, infiniplex_staircase_pool,
          serial_bayou_shore_b
Lair:5:   guppyfry_lair_end_dragon, layout_cave_pods,
          hangedman_lair_tendril_chambers, columned_hall_lemuel
Orc:1:    layout_diamond_mine
Orc:2:    grunt_orc_community_town_hall, layout_diamond_mine,
          grunt_orc_community_big_house_2, grunt_orc_community_big_house_1,
          grunt_orc_community_house_1, grunt_orc_community_house_3,
          grunt_orc_community_house_3, grunt_orc_community_house_3,
          grunt_orc_community_house_2, grunt_orc_community_house_3, uniq_urug
Arena

Skill      XL: |  1  2  3  4  5  6  7  8  9 10 11 12 13 14 |
---------------+-------------------------------------------+-----
Axes           | 3 4 5 6 7 8 9 11 12 14 15 16 | 16.9
Fighting       | 4 5 6 7 8 10 11 12 | 12.9
Shields        | 4 5 6 7 8 10 11 12 | 12.8
Ranged Weapons | 1 2 3 4 6 8 9 11 12 13 14 | 14.9
Invocations    | 1 2 3 4 5 6 7 8 9 |  9.6
Evocations     | 2 4 5 |  5.8
Dodging        | 1 |  1.0
Throwing       | |  0.9
Armour         | |  3.6

Action                     |  1- 3 |  4- 6 |  7- 9 | 10-12 | 13-15 || total
---------------------------+-------+-------+-------+-------+-------++-------
  Melee: War axe           |    72 |    73 |       |       |    37 ||   182
         Headbutt          |     4 |    23 |    23 |   112 |   175 ||   337
         Broad axe         |       |    44 |   167 |   461 |   651 ||  1323
   Fire: Sling             |       |    50 |    34 |   189 |   194 ||   467
  Throw: Stone             |     3 |       |       |       |       ||     3
         Javelin           |       |     3 |       |       |       ||     3
         Boomerang         |       |       |       |     2 |     6 ||     8
         Dart              |       |       |       |       |     2 ||     2
 Invoke: Heroism           |       |     1 |     3 |    20 |    11 ||    35
         Finesse           |       |       |       |     3 |     3 ||     6
         Duel              |       |       |       |     1 |     1 ||     2
  Evoke: Wand              |       |       |       |     1 |     4 ||     5
    Use: Scroll            |       |     6 |     3 |     1 |    18 ||    28
         Potion            |       |       |       |     4 |     5 ||     9
   Stab: Distracted        |       |       |       |     1 |       ||     1
 Armour: Scale mail        |    35 |     7 |       |       |    29 ||    71
         Chain mail        |       |    33 |    82 |    57 |   289 ||   461
         Ring mail         |       |       |       |   126 |       ||   126
         Plate armour      |       |       |       |    42 |    46 ||    88
  Dodge: Dodged            |    30 |    31 |    58 |   185 |   187 ||   491
  Block: Tower shield      |    66 |    68 |   114 |   386 |   481 ||  1115
         Buckler           |     1 |       |       |       |       ||     1

Table legend: (Time is in decaauts)
 A = Elapsed time spent in this place.
 B = Non-inter-level travel time spent in this place.
 C = Inter-level travel time spent in this place.
 D = Time resting spent in this place.
 E = Time spent auto-exploring this place.
 F = Levels seen in this place.
 G = Mean time per level.
                   A        B        C        D        E       F      G
               +--------+--------+--------+--------+--------+-----+--------+
         Total |  25541 |  24877 |    664 |  10069 |  10116 |  21 | 1216.2 |
       Dungeon |  11272 |  10779 |    493 |   2741 |   5932 |  10 | 1127.2 |
          Lair |   8267 |   8209 |     58 |   4210 |   2885 |   5 | 1653.4 |
  Orcish Mines |   5073 |   4961 |    112 |   3022 |    932 |   2 | 2536.5 |
        Bailey |    406 |    406 |      0 |     26 |     96 |   1 |  406.0 |
       Volcano |    495 |    495 |      0 |     53 |    271 |   1 |  495.0 |
         Arena |     27 |     27 |      0 |     15 |      0 |   2 |   13.5 |
               +--------+--------+--------+--------+--------+-----+--------+

Top non-repeatable levels by time:
  Lair:5: 3105 daAuts
   Orc:1: 3034 daAuts
    D:10: 2283 daAuts
  Lair:4: 2053 daAuts
   Orc:2: 2038 daAuts
     D:9: 1667 daAuts
     D:4: 1427 daAuts
  Lair:3: 1273 daAuts
     D:5: 1206 daAuts
  Lair:2: 1082 daAuts
     D:1: 1010 daAuts
     D:8: 928 daAuts
     D:3: 902 daAuts
  Lair:1: 752 daAuts
     D:6: 687 daAuts
